| TOP OF THE 1ST |
|
Birmingham Barons batting - Pitching for Trenton Thunder : RHP Tim Honaker
|
|
Pitching: RHP Tim Honaker
|
|
|
Batting: RHB Danny Heikkila
|
0-0: Called Strike 0-1: Called Strike 0-2: Ball 1-2: Ball 2-2: Fly out, F5 (Line Drive, 5, EV 69.4 MPH)
|
|
Batting: SHB Veit Geisler
|
0-0: Ball 1-0: DOUBLE (Groundball, 3L, EV 106.9 MPH)
|
|
Batting: SHB Ruben Velasco Jr.
|
0-0: Ball 1-0: Ball 2-0: Foul Ball, location: 2F 2-1: Swinging Strike 2-2: Foul Ball, location: 2F 2-2: Ball 3-2: Strikes out swinging
|
|
Batting: LHB Carlos Ramirez
|
0-0: Ball 1-0: Ball 2-0: SINGLE (Line Drive, 89M, EV 86.2 MPH) Veit Geisler to third Runner from 3rd tries for Home, throw by RF and OUT! 9-2
|
| Top of the 1st over - 0 runs, 2 hits, 0 errors, 1 left on base; Birmingham 0 - Trenton 0 |
| BOTTOM OF THE 1ST |
|
Trenton Thunder batting - Pitching for Birmingham Barons : RHP Mario Medrano
|
|
Pitching: RHP Mario Medrano
|
|
|
Batting: LHB Justin O'Neal
|
0-0: Ball 1-0: Foul Ball, location: 2F 1-1: Called Strike 1-2: Ground out U3 (Groundball, 3, EV 105.0 MPH)
|
|
Batting: LHB Steve LeGrand
|
0-0: Called Strike 0-1: Ball 1-1: Foul Ball, location: 2F 1-2: Ball 2-2: Fly out, F5 (Popup, 5S, EV 85.0 MPH)
|
|
Batting: LHB Jared Zulkowski
|
0-0: Foul Ball, location: 2F 0-1: Swinging Strike 0-2: Strikes out swinging
|
| Bottom of the 1st over - 0 runs, 0 hits, 0 errors, 0 left on base; Birmingham 0 - Trenton 0 |
| TOP OF THE 2ND |
|
Birmingham Barons batting - Pitching for Trenton Thunder : RHP Tim Honaker
|
|
Batting: RHB Vic Lucatero
|
0-0: Ball 1-0: Ball 2-0: Called Strike 2-1: Fly out, F8 (Flyball, 78XD, EV 83.8 MPH)
|
|
Batting: LHB Jason Bell
|
0-0: SINGLE (Groundball, 6M, EV 83.1 MPH) (infield hit)
|
|
Batting: SHB Matt Childers
|
0-0: Fielders Choice at 2nd, 1-6 (Groundball, 13S, EV 65.6 MPH)
|
|
Batting: LHB Matt Hyde
|
0-0: Ball 1-0: Called Strike 1-1: Ball 2-1: Foul Ball, location: 2F 2-2: Ball 3-2: Strikes out looking
|
| Top of the 2nd over - 0 runs, 1 hit, 0 errors, 1 left on base; Birmingham 0 - Trenton 0 |
| BOTTOM OF THE 2ND |
|
Trenton Thunder batting - Pitching for Birmingham Barons : RHP Mario Medrano
|
|
Batting: SHB Corey Penson
|
0-0: Ball 1-0: SOLO HOME RUN (Flyball, 9D, EV 101.2 MPH), Distance : 387 ft
|
|
Batting: LHB Dale Anderson
|
0-0: Ball 1-0: Foul Ball, location: 2F 1-1: Foul Ball, location: 2F 1-2: Ground out 4-3 (Groundball, 4S, EV 66.2 MPH)
|
|
Batting: SHB David Stewart
|
0-0: Called Strike 0-1: Ball 1-1: Ball 2-1: Ball 3-1: Base on Balls
|
|
Batting: RHB Bryan Westray
|
0-0: Called Strike 0-1: Ball 1-1: Ball 2-1: DOUBLE (Line Drive, 89M, EV 100.6 MPH) David Stewart to third
|
|
Batting: RHB Phil Reeves
|
0-0: Foul Ball, location: 2F 0-1: Ground out 5-3 (Groundball, 56, EV 81.9 MPH) David Stewart scores
|
|
Batting: RHB Christian Shearer
|
0-0: Called Strike 0-1: Ground out 5-3 (Groundball, 5S, EV 68.1 MPH)
|
| Bottom of the 2nd over - 2 runs, 2 hits, 0 errors, 1 left on base; Birmingham 0 - Trenton 2 |
| TOP OF THE 3RD |
|
Birmingham Barons batting - Pitching for Trenton Thunder : RHP Tim Honaker
|
|
Batting: RHB Jerry Edmiston
|
0-0: Ball 1-0: Foul Ball, location: 2F 1-1: Swinging Strike 1-2: Ground out 5-3 (Groundball, 56, EV 81.2 MPH)
|
|
Batting: RHB Danny Heikkila
|
0-0: Swinging Strike 0-1: Ball 1-1: Called Strike 1-2: Strikes out swinging
|
|
Batting: SHB Veit Geisler
|
0-0: Called Strike 0-1: Ball 1-1: Foul Ball, location: 2F 1-2: Fly out, F7 (Line Drive, 78D, EV 97.5 MPH)
|
| Top of the 3rd over - 0 runs, 0 hits, 0 errors, 0 left on base; Birmingham 0 - Trenton 2 |
| BOTTOM OF THE 3RD |
|
Trenton Thunder batting - Pitching for Birmingham Barons : RHP Mario Medrano
|
|
Batting: LHB Justin O'Neal
|
0-0: Foul Ball, location: 2F 0-1: Ball 1-1: Ground out 6-3 (Groundball, 6, EV 83.1 MPH)
|
|
Batting: LHB Steve LeGrand
|
0-0: Ball 1-0: Foul Ball, location: 2F 1-1: Ball 2-1: Fly out, F4 (Popup, 4, EV 71.2 MPH)
|
|
Batting: LHB Jared Zulkowski
|
0-0: Ball 1-0: Foul Ball, location: 2F 1-1: Ball 2-1: Foul Ball, location: 2F 2-2: SINGLE (Groundball, 3D, EV 101.2 MPH)
|
|
Batting: SHB Corey Penson
|
0-0: Ground out 6-3 (Groundball, 6S, EV 89.4 MPH)
|
| Bottom of the 3rd over - 0 runs, 1 hit, 0 errors, 1 left on base; Birmingham 0 - Trenton 2 |
| TOP OF THE 4TH |
|
Birmingham Barons batting - Pitching for Trenton Thunder : RHP Tim Honaker
|
|
Batting: SHB Ruben Velasco Jr.
|
0-0: Called Strike 0-1: Ball 1-1: Called Strike 1-2: Ball 2-2: Ball 3-2: Foul Ball, location: 2F 3-2: SOLO HOME RUN (Flyball, 7D, EV 99.4 MPH), Distance : 402 ft
|
|
Batting: LHB Carlos Ramirez
|
0-0: Ground out 6-3 (Groundball, 6, EV 86.9 MPH)
|
|
Batting: RHB Vic Lucatero
|
0-0: Ball 1-0: SOLO HOME RUN (Flyball, 78XD, EV 115.6 MPH), Distance : 448 ft
|
|
Batting: LHB Jason Bell
|
0-0: Foul Ball, location: 2F 0-1: Ball 1-1: Ground out 4-3 (Groundball, 4, EV 101.9 MPH)
|
|
Batting: SHB Matt Childers
|
0-0: Fly out, F7 (Flyball, 7, EV 81.9 MPH)
|
| Top of the 4th over - 2 runs, 2 hits, 0 errors, 0 left on base; Birmingham 2 - Trenton 2 |
| BOTTOM OF THE 4TH |
|
Trenton Thunder batting - Pitching for Birmingham Barons : RHP Mario Medrano
|
|
Batting: LHB Dale Anderson
|
0-0: Ball 1-0: Reached on error, E6 (Groundball, 4S, EV 90.0 MPH)
|
|
Batting: SHB David Stewart
|
0-0: Ball 1-0: Ground out 4-3 (Groundball, 4M, EV 88.1 MPH) Dale Anderson to third
|
|
Batting: RHB Bryan Westray
|
0-0: Swinging Strike 0-1: Foul Ball, location: 2F 0-2: Ground out 4-3 (Groundball, 4, EV 85.0 MPH) Dale Anderson scores
|
|
Batting: RHB Phil Reeves
|
0-0: Called Strike 0-1: Ball 1-1: Ball 2-1: Ball 3-1: Base on Balls
|
|
Batting: RHB Christian Shearer
|
0-0: Ball Phil Reeves is caught stealing 2nd base 2-4
|
| Bottom of the 4th over - 1 run, 0 hits, 1 error, 0 left on base; Birmingham 2 - Trenton 3 |
| TOP OF THE 5TH |
|
Birmingham Barons batting - Pitching for Trenton Thunder : RHP Tim Honaker
|
|
Batting: LHB Matt Hyde
|
0-0: Fly out, F9 (Flyball, 9LM, EV 74.4 MPH)
|
|
Batting: RHB Jerry Edmiston
|
0-0: Ball 1-0: Foul Ball, location: 2F 1-1: Swinging Strike 1-2: Foul Ball, location: 2F 1-2: Ball 2-2: Foul Ball, location: 2F 2-2: Ground out U3 (Groundball, 34S, EV 86.9 MPH)
|
|
Batting: RHB Danny Heikkila
|
0-0: Ball 1-0: Called Strike 1-1: Fly out, F8 (Flyball, 8LD, EV 96.9 MPH)
|
| Top of the 5th over - 0 runs, 0 hits, 0 errors, 0 left on base; Birmingham 2 - Trenton 3 |
| BOTTOM OF THE 5TH |
|
Trenton Thunder batting - Pitching for Birmingham Barons : RHP Mario Medrano
|
|
Batting: RHB Christian Shearer
|
0-0: Ball 1-0: Ball 2-0: Ball 3-0: Called Strike 3-1: Base on Balls
|
|
Batting: LHB Justin O'Neal
|
0-0: Called Strike Christian Shearer is caught stealing 2nd base 2-6 0-1: Called Strike 0-2: Ball 1-2: Foul Ball, location: 2F 1-2: Foul Ball, location: 2F 1-2: Ball 2-2: Foul Ball, location: 2F 2-2: Ball 3-2: Base on Balls
|
|
Batting: LHB Steve LeGrand
|
0-0: Ball Wild Pitch! Justin O'Neal to second 1-0: Ball 2-0: SINGLE (Groundball, 6D, EV 107.5 MPH) Justin O'Neal to third Runner from 3rd tries for Home, SAFE, throw by CF to home Steve LeGrand to second
|
|
Batting: LHB Jared Zulkowski
|
0-0: Ball 1-0: Fly out, F7 (Flyball, 7S, EV 80.0 MPH)
|
|
Batting: SHB Corey Penson
|
0-0: Called Strike 0-1: Swinging Strike 0-2: Ball 1-2: Ball 2-2: Foul Ball, location: 2F 2-2: Strikes out looking
|
| Bottom of the 5th over - 1 run, 1 hit, 0 errors, 1 left on base; Birmingham 2 - Trenton 4 |
| TOP OF THE 6TH |
|
Birmingham Barons batting - Pitching for Trenton Thunder : RHP Tim Honaker
|
|
Batting: SHB Veit Geisler
|
0-0: Ball 1-0: Swinging Strike 1-1: Ball 2-1: Ball 3-1: Base on Balls
|
|
Batting: SHB Ruben Velasco Jr.
|
0-0: Called Strike 0-1: Ball 1-1: Swinging Strike 1-2: Foul Ball, location: 2F 1-2: Foul Ball, location: 2F 1-2: Ball 2-2: SINGLE (Groundball, 4M, EV 98.8 MPH) (infield hit) Veit Geisler to second
|
|
Batting: LHB Carlos Ramirez
|
0-0: Fielders Choice at 2nd, 6-4 (Groundball, 6M, EV 84.4 MPH) Veit Geisler to third
|
|
Batting: RHB Vic Lucatero
|
0-0: Called Strike 0-1: Fly out, F8 (Flyball, 8RXD, EV 92.5 MPH) Runner from 3rd tags up, SCORES, no throw by CF
|
|
Batting: LHB Jason Bell
|
0-0: Swinging Strike 0-1: Ball 1-1: Ball 2-1: Foul Ball, location: 2F 2-2: Foul Ball, location: 2F 2-2: Ball 3-2: Foul Ball, location: 2F 3-2: SINGLE (Line Drive, 8RS, EV 91.9 MPH) Carlos Ramirez to second Carlos Ramirez to third
|
|
Batting: SHB Matt Childers
|
0-0: Called Strike 0-1: Ball 1-1: Foul Ball, location: 2F 1-2: Ball 2-2: Foul Ball, location: 2F 2-2: Ball 3-2: Base on Balls Jason Bell to second
|
|
Pitching: RHP Ken Howington
|
|
|
Batting: LHB Matt Hyde
|
0-0: Ball 1-0: Called Strike 1-1: Foul Ball, location: 2F 1-2: Ground out 4-3 (Groundball, 4S, EV 90.0 MPH)
|
| Top of the 6th over - 1 run, 2 hits, 0 errors, 3 left on base; Birmingham 3 - Trenton 4 |
| BOTTOM OF THE 6TH |
|
Trenton Thunder batting - Pitching for Birmingham Barons : RHP Mario Medrano
|
|
Batting: LHB Dale Anderson
|
0-0: Ball 1-0: Ball 2-0: Ground out 4-3 (Groundball, 34, EV 104.4 MPH)
|
|
Batting: SHB David Stewart
|
0-0: Ball 1-0: Called Strike 1-1: Ball 2-1: Ball 3-1: Base on Balls
|
|
Batting: RHB Bryan Westray
|
0-0: Called Strike 0-1: Ball 1-1: Ball 2-1: Grounds into double play, 6-4-3 (Groundball, 6, EV 109.4 MPH)
|
| Bottom of the 6th over - 0 runs, 0 hits, 0 errors, 0 left on base; Birmingham 3 - Trenton 4 |
| TOP OF THE 7TH |
|
Birmingham Barons batting - Pitching for Trenton Thunder : RHP Ken Howington
|
|
Batting: RHB Jerry Edmiston
|
0-0: Fly out, F8 (Flyball, 8RS, EV 88.1 MPH)
|
|
Pinch Hitting: LHB Joe Kirkland
|
0-0: Foul Ball, location: 2F 0-1: Ball 1-1: Ball 2-1: Ball 3-1: Foul Ball, location: 2F 3-2: Base on Balls
|
|
Batting: SHB Veit Geisler
|
0-0: Ball 1-0: Swinging Strike 1-1: Swinging Strike 1-2: Foul Ball, location: 2F 1-2: Strikes out swinging
|
|
Batting: SHB Ruben Velasco Jr.
|
0-0: Swinging Strike 0-1: Ball 1-1: Foul Ball, location: 2F 1-2: Ball 2-2: Foul Ball, location: 2F 2-2: Ball Joe Kirkland is caught stealing 2nd base 2-6
|
| Top of the 7th over - 0 runs, 0 hits, 0 errors, 0 left on base; Birmingham 3 - Trenton 4 |
| BOTTOM OF THE 7TH |
|
Trenton Thunder batting - Pitching for Birmingham Barons : RHP Mario Medrano
|
|
Pitching: RHP Jose Vigil
|
|
|
Now at 2B: Ruben Velasco Jr.
|
|
|
Now in RF: Joe Kirkland
|
|
|
Batting: RHB Phil Reeves
|
0-0: Foul Ball, location: 2F 0-1: Ball 1-1: Foul Ball, location: 2F 1-2: Ground out U3 (Groundball, 3S, EV 85.6 MPH)
|
|
Batting: RHB Christian Shearer
|
0-0: Foul Ball, location: 2F 0-1: Swinging Strike 0-2: Ball 1-2: Foul Ball, location: 2F 1-2: Ground out 6-3 (Groundball, 6, EV 81.2 MPH)
|
|
Batting: LHB Justin O'Neal
|
0-0: Swinging Strike 0-1: Called Strike 0-2: Strikes out swinging
|
| Bottom of the 7th over - 0 runs, 0 hits, 0 errors, 0 left on base; Birmingham 3 - Trenton 4 |
| TOP OF THE 8TH |
|
Birmingham Barons batting - Pitching for Trenton Thunder : RHP Ken Howington
|
|
Pitching: RHP Howie Seidler
|
|
|
Batting: SHB Ruben Velasco Jr.
|
0-0: Ball 1-0: Ball 2-0: Ball 3-0: Called Strike 3-1: Swinging Strike 3-2: Strikes out swinging
|
|
Batting: LHB Carlos Ramirez
|
0-0: Called Strike 0-1: Called Strike 0-2: Strikes out looking
|
|
Pinch Hitting: LHB Dalton Silveira
|
0-0: Called Strike 0-1: Ball 1-1: Ball 2-1: Swinging Strike 2-2: Ball 3-2: SINGLE (Flyball, 6D, EV 85.0 MPH)
|
|
Batting: LHB Jason Bell
|
0-0: Foul Ball, location: 2F 0-1: Ball 1-1: Foul Ball, location: 2F 1-2: Foul Ball, location: 2F 1-2: SINGLE (Flyball, 56D, EV 87.5 MPH) Dalton Silveira to second Runner from 2nd tries for 3rd, SAFE, throw by LF made to third
|
|
Batting: SHB Matt Childers
|
0-0: Foul Ball, location: 2F 0-1: Ground out 4-3 (Groundball, 4MS, EV 66.9 MPH)
|
| Top of the 8th over - 0 runs, 2 hits, 0 errors, 2 left on base; Birmingham 3 - Trenton 4 |
| BOTTOM OF THE 8TH |
|
Trenton Thunder batting - Pitching for Birmingham Barons : RHP Jose Vigil
|
|
Now at 2B: Dalton Silveira
|
|
|
Now in LF: Matt Hyde
|
|
|
Now in CF: Ruben Velasco Jr.
|
|
|
Batting: LHB Steve LeGrand
|
0-0: Ball 1-0: Ball 2-0: DOUBLE (Flyball, 8LXD, EV 102.5 MPH)
|
|
Batting: LHB Jared Zulkowski
|
0-0: Called Strike 0-1: Swinging Strike 0-2: Ball 1-2: SINGLE (Groundball, 34D, EV 98.1 MPH) Steve LeGrand to third
|
|
Batting: SHB Corey Penson
|
0-0: Called Strike 0-1: Ball 1-1: Ball 2-1: Ball 3-1: SINGLE (Line Drive, 9LS, EV 101.2 MPH) Steve LeGrand scores Jared Zulkowski to second
|
|
Pitching: RHP Nate Myers
|
|
|
Batting: LHB Dale Anderson
|
0-0: Ball 1-0: Foul Ball, location: 2F 1-1: Called Strike 1-2: Hit by Pitch Jared Zulkowski to third Corey Penson to second
|
|
Batting: SHB David Stewart
|
0-0: Ball 1-0: Called Strike 1-1: Ball 2-1: Foul Ball, location: 2F 2-2: Fly out, F7 (Flyball, 78M, EV 85.6 MPH)
|
|
Batting: RHB Bryan Westray
|
0-0: Ball 1-0: SINGLE (Line Drive, 7S, EV 88.1 MPH) Jared Zulkowski scores Corey Penson to third Dale Anderson to second
|
|
Batting: RHB Phil Reeves
|
0-0: Called Strike 0-1: Foul Ball, location: 2F 0-2: Ball 1-2: Foul Ball, location: 2F 1-2: Strikes out looking
|
|
Batting: RHB Christian Shearer
|
0-0: Called Strike 0-1: Ball 1-1: Foul Ball, location: 2F 1-2: Foul Ball, location: 2F 1-2: Ground out 3-1 (Groundball, 34, EV 88.8 MPH)
|
| Bottom of the 8th over - 2 runs, 4 hits, 0 errors, 3 left on base; Birmingham 3 - Trenton 6 |
| TOP OF THE 9TH |
|
Birmingham Barons batting - Pitching for Trenton Thunder : RHP Howie Seidler
|
|
Pitching: RHP Antonio Castillo
|
|
|
Batting: LHB Matt Hyde
|
0-0: Foul Ball, location: 2F 0-1: Called Strike 0-2: Ball 1-2: Strikes out looking
|
|
Pinch Hitting: LHB Herkko Haavikko
|
0-0: Swinging Strike 0-1: Ball 1-1: Foul Ball, location: 2F 1-2: Foul Ball, location: 2F 1-2: SINGLE (Groundball, 4D, EV 105.6 MPH)
|
|
Batting: LHB Joe Kirkland
|
0-0: Ball 1-0: Grounds into double play, 4-6-3 (Groundball, 34, EV 93.1 MPH)
|
| Top of the 9th over - 0 runs, 1 hit, 0 errors, 0 left on base; Birmingham 3 - Trenton 6 |
|